 Dungeon Crawl Stone Soup version 0.21-a0-380-gd65dc97 (webtiles) character file.

47 Kavrick the Sneak (level 3, -1/22 HPs)
             Began as a Kobold Assassin on Oct 18, 2017.
             Slain by an adder (3 damage)
             ... on level 1 of the Dungeon.
             The game lasted 00:02:32 (1082 turns).

Kavrick the Sneak (Kobold Assassin)                 Turns: 1082, Time: 00:02:33

Health: -1/22      AC:  3    Str:  8    XL:     3   Next: 97%
Magic:  3/3        EV: 15    Int: 12    God:
Gold:   94         SH:  0    Dex: 17    Spells: 2/2 levels left

rFire    . . .     SeeInvis .   a - +2 dagger
rCold    . . .     Gourm    .   (shield restricted)
rNeg     . . .     Faith    .   c - +0 robe
rPois    .         Spirit   .   (no helmet)
rElec    .         Reflect  .   d - +0 cloak
rCorr    .         Harm     .   (no gloves)
MR       .....                  (no boots)
Stlth    +++.......             (no amulet)
HPRegen  0.07/turn              (no ring)
MPRegen  0.08/turn              (no ring)

@: lethally poisoned (-1 -> -11)
A: carnivore 3
a: no special abilities


You were on level 1 of the Dungeon.
You were completely stuffed.

You visited 1 branch of the dungeon, and saw 2 of its levels.

You collected 94 gold pieces.

Inventory:

Hand Weapons
 a - a +2 dagger (weapon)
 b - a +0 blowgun
Missiles
 e - 7 poisoned needles
 f - 2 curare-tipped needles
Armour
 c - a +0 robe (worn)
 d - a +0 cloak (worn)
Scrolls
 j - 2 scrolls of teleportation {unknown}
 m - a scroll of identify {unknown}
Potions
 h - a potion of lignification {unknown}
 k - a potion of ambrosia {unknown}
Comestibles
 g - a meat ration
 i - a chunk of flesh
 l - 2 royal jellies


   Skills:
 + Level 2.7 Fighting
 * Level 3.9 Short Blades
 - Level 2.1 Throwing
 + Level 2.0 Dodging
 + Level 5.8 Stealth


You had 2 spell levels left.
You didn't know any spells.

Dungeon Overview and Level Annotations

Branches:
Dungeon (2/15)

Altars:
Dithmenos


Innate Abilities, Weirdness & Mutations

You are small and have problems with some larger weapons.
You are carnivorous and can eat meat at any time.


Message History

No target in view!
You climb downwards.
The adder bites you. The bat hits you but does no damage. The adder bites you.
You are poisoned.
The adder poisons you!
There is a stone staircase leading up, spattered with blood here.
You hit the adder.
The adder is lightly wounded.
You feel sick. The bat hits you but does no damage. The adder bites you.
You are lethally poisoned!
The adder poisons you!
You are too injured to fight recklessly!
You feel sick. The bat completely misses you. The adder closely misses you.
You climb upwards.
You feel sick.
There is a stone staircase leading down here.
You feel sick. The adder bites you.
* * * LOW HITPOINT WARNING * * *
* * * LOW HITPOINT WARNING * * *
You feel sick. The adder bites you.
You die...

##.#####.##########.#### #..#
#............# ##.##
##..########)# #..# ##(##
#.## #..#######...#######..#
...#.....#...#.....#..#######
...#.....#...#..>).#........#
.#.#.....##.##..S..#..####..#
.#.###%####.####@###..###..##
.#(.....##[..##.......##..##
........##...##.......#..##
...###'####.########..#.##
..##.....##.##.....#.)..#
####..<..#...')....#...##
...#.....#...#.....#..##
...#######...########.#
.)....##.##.##....# #.#


You could see an adder.

Vanquished Creatures
  A gnoll (D:1)
  2 dart slugs (D:1)
  2 leopard geckos (D:1)
  A ball python (D:1)
  2 bats (D:1)
  2 giant cockroaches (D:1)
  5 goblins (D:1)
  5 hobgoblins (D:1)
  3 frilled lizards (D:1)
  4 kobolds (D:1)
  2 rats (D:1)
29 creatures vanquished.

Notes
Turn   | Place    | Note
-------+----------+-------------------------------------------
     0 | D:1      | Kavrick the Kobold Assassin began the quest for the Orb.
     0 | D:1      | Reached XP level 1. HP: 12/12 MP: 1/1
    57 | D:1      | Reached XP level 2. HP: 15/18 MP: 2/2
   238 | D:1      | Reached XP level 3. HP: 13/22 MP: 3/3
  1056 | D:2      | Found a shadowy altar of Dithmenos.
  1082 | D:1      | Slain by an adder

Vault maps used:
D:1:      dpeg_arrival_houses_and_road, supply_closet_lemuel
D:2:      lemuel_coloured_pillars_altar, grunt_dithmenos_smoke

Skill      XL: |  1  2  3 |
---------------+----------+-----
Short Blades   | 3 |  3.9
Dodging        | 2 |  2.0
Fighting       | |  2.7
Throwing       | |  2.1
Stealth        | |  5.8

Action                   || total
-------------------------++-------
Melee: Dagger            ||    82
 Fire: Blowgun           ||    10
 Stab: Sleeping          ||     6
  Eat: Chunk             ||     9
Armor: Robe              ||     9
Dodge: Dodged            ||    59

Table legend:
 A = Spawn XP
 B = Non-spawn XP
 C = Spawn XP percentage of total XP
 D = Spawn monster count
 E = Non-spawn monster count
 F = Spawn count percentage of total count
 G = Total turns spent on level
                    A         B        C        D         E        F      G
               +---------+---------+-------+---------+---------+-------+---------
         Total |       0 |      68 |   0.0 |       0 |      29 |   0.0 |  1082
               +---------+---------+-------+---------+---------+-------+---------
           D:1 |       0 |      68 |   0.0 |       0 |      29 |   0.0 |  1073
               +---------+---------+-------+---------+---------+-------+---------
